 Dungeon Crawl Stone Soup version 0.31-a0-833-gc15d34cb79 (webtiles) character file.

Game seed: 8290553006507321817

113 demibob the Cudgeller (level 4, -12/42 HPs)
             Began as a Gargoyle Chaos Knight on Sept 25, 2023.
             Was a Plaything of Xom.
             Mangled by a wight
             ... wielding a +3 great sword
              (17 damage)
             ... on level 4 of the Dungeon.
             The game lasted 00:04:16 (3092 turns).

demibob the Cudgeller (Gargoyle Chaos Knight)       Turns: 3092, Time: 00:04:16

Health: -12/42     AC: 22    Str: 12 (15) XL:     4   Next: 96%
Magic:  4/4        EV:  2    Int: 10 (13) God:    Xom [.....*]
Gold:   183        SH:  0    Dex: 12 (13) Spells: 3/3 levels left

rFire   + . .        f - +0 whip (drain)
rCold   + . .        (no shield)
rNeg    + . .        b - melded +2 leather armour
rPois   ∞            (helmet currently unavailable)
rElec   +            (cloak currently unavailable)
rCorr   +            h - melded +0 pair of gloves
SInv    +            (boots currently unavailable)
Will    +....        (no amulet)
Stlth   ++           v - ring of see invisible
HPRegen 0.27/turn    (no ring)
MPRegen 0.09/turn

%: no passive effects
@: tree-form, resistant, attractive, enlightened, hasted, very quick
A: stationary, stasis, torment immunity, boosted hp, sickness immunity, AC +3,
negative energy resistance 1, (electricity resistance), torment resistance 1,
petrification resistance, thin skeletal structure 1
a: Renounce Religion


You were on level 4 of the Dungeon.
You worshipped Xom.
You were Xom's teddy bear.
You were a tree.
You visited 2 branches of the dungeon, and saw 5 of its levels.

You collected 183 gold pieces.


Innate Abilities, Weirdness & Mutations

You are a tree.
Your roots penetrate the ground, keeping you stationary.
You cannot be teleported.
You are immune to unholy pain and torment.
Your maximum health is greatly increased.
Your equipment is partially melded.
You are immune to sickness and miasma.
((Your stone body is resilient. (AC +3)))
You are immune to poison.
You resist negative energy. (rN+)
((You are resistant to electric shocks. (rElec)))
You are resistant to unholy torment.
You are immune to petrification.
You have a somewhat thin skeletal structure. (Dex +2, Stealth+)


   Skills:
 - Level 3.2 Fighting
 + Level 5.5 Maces & Flails
 - Level 2.1 Armour
 - Level 0.7 Dodging


You had 3 spell levels left.
You didn't know any spells.
Your spell library contained the following spells:

 Spells                   Type           Power      Damage    Failure   Level
 Freeze                   Ice            0%         1d3       36%         1
 Frozen Ramparts          Ice            0%         1d1       75%         3
 Hailstorm                Conj/Ice       0%         3d3       75%         3
 Inner Flame              Hex/Fire       0%         N/A       75%         3
 Iskenderun's Battlesphe  Conj           0%         2d6       100%        5
 Yara's Violent Unravell  Hex/Tmut       0%         3d3       100%        5
 Bombard                  Conj/Erth      0%         9d1       100%        6
 Enfeeble                 Hex            0%         N/A       100%        7
 Spellforged Servitor     Conj/Summ      0%         N/A       100%        7

Inventory:

Hand Weapons
 a - a +0 mace of chaos
 f - a +0 whip of draining (weapon)
Armour
 b - a +2 leather armour (melded)
 h - a +0 pair of gloves (melded)
Jewellery
 v - a ring of see invisible (left branch)
Potions
 d - 2 potions of lignification

Dungeon Overview and Level Annotations

Branches:
Dungeon (4/15)             Temple (1/1) D:4

Altars:
Cheibriados
Elyvilon
Gozag
Kikubaaqudgha
Nemelex Xobeh
Ru
Sif Muna
Uskayaw
Wu Jian
Yredelemnul
Zin

Shops:
D:1

(
###..b......[..##...
#....b)......z......
#...........z..z....
#...bbb......z......
#...bb...b..........
#...b.b.............
#.bb.b..............
##zzz########.......
#z♣z# #....... #...#
#....... #####
*....... ,,,....
*,,,.... ****####


You could see 5 wights.


Message History

Unknown command.
You hit the wight but do no damage. Your punch misses the wight.
The wight is lightly damaged.
The wight hits you with a +0 falchion.
* * * LOW HITPOINT WARNING * * *
Unknown command.
You barely miss the wight.
The wight is lightly damaged.
The wight hits you but does no damage.
Unknown command.
You closely miss the wight.
The wight is lightly damaged.
The wight hits you but does no damage.
Unknown command.
You hit the wight.
The wight is lightly damaged.
The wight hits you with a +0 mace.
* * * LOW HITPOINT WARNING * * *
The wight hits you but does no damage.
Unknown command.
You barely miss the wight.
The wight is lightly damaged.
The wight hits you but does no damage. The wight hits you with a +0 mace!
* * * LOW HITPOINT WARNING * * *
Unknown command.
You hit the wight.
The wight is moderately damaged.
The wight hits you with a +3 great sword!
You die...
Xom titters!

Skill      XL: |  1  2  3  4 |
---------------+-------------+-----
Maces & Flails | 4 5 |  5.5
Fighting       | |  3.2
Armour         | |  2.1
Dodging        | |  0.7

Action                     |  1- 3 |  4- 6 || total
---------------------------+-------+-------++-------
  Melee: Mace              |    96 |       ||    96
         Whip              |       |    74 ||    74
         Punch             |       |     2 ||     2
  Evoke: Wand              |       |     1 ||     1
    Use: Scroll            |     4 |     4 ||     8
         Potion            |       |     8 ||     8
   Stab: Petrifying        |     1 |       ||     1
 Armour: Leather armour    |    54 |    38 ||    92
         Skin              |       |    14 ||    14
  Dodge: Dodged            |    68 |    31 ||    99

Levels and vault maps discovered:
D:1:      dpeg_arrival_refuge, layout_loops_cross, serial_shops, shop,
          dreamdust_ecumenical_altar_grove
D:2:      layout_basic
D:3:      layout_loops_cross, general_overflow_altar,
          chequers_serial_rivers_micro_d, kennysheep_flooded_box
D:4:      layout_basic, tso_altar, temple_doors_e, minmay_vboxes
Temple:   hellmonk_temple_flake

Notes
Turn   | Place    | Note
-------+----------+-------------------------------------------
     0 | D:1      | demibob the Gargoyle Chaos Knight began the quest for the
                  | Orb.
     0 | D:1      | Reached XP level 1. HP: 14/14 MP: 1/1
   129 | D:1      | Reached XP level 2. HP: 19/19 MP: 2/2
   212 | D:1      | Found Hiufaam's Weapon Shop.
   318 | D:1      | Found a faded altar of an unknown god.
   414 | D:1      | Reached skill level 4 in Maces & Flails
   475 | D:1      | XOM: silly message
   506 | D:1      | Reached XP level 3. HP: 23/23 MP: 3/3
   524 | D:1      | XOM: noise
   634 | D:1      | XOM: silly message
   740 | D:2      | XOM: silly message
  1294 | D:2      | XOM: silly message
  1749 | D:3      | Reached XP level 4. HP: 28/28 MP: 4/4
  1765 | D:3      | Found an ornate altar of the Wu Jian Council.
  1797 | D:3      | XOM: enchant monster (good)
  1967 | D:3      | Reached skill level 5 in Maces & Flails
  2068 | D:3      | XOM: 1-stop teleportation journey
  2314 | D:3      | XOM: silly message
  2376 | D:3      | XOM: silly message
  2420 | D:4      | XOM: cast spell 'Dispersal'
  2689 | D:4      | Found a staircase to the Ecumenical Temple.
  2699 | D:4      | XOM: 1-stop teleportation journey
  2738 | Temple   | Entered the Ecumenical Temple
  2872 | D:4      | XOM: scenery: 3 doors open
  3030 | D:4      | XOM: give mutation
  3030 | D:4      | Gained mutation: You have a somewhat thin skeletal
                  | structure. (Dex +2, Stealth+) [Xom's grace]
  3063 | D:4      | XOM: divination: magic mapping
  3080 | D:4      | Identified a potion of resistance
  3092 | D:4      | Mangled by a wight

Vanquished Creatures
  6 adders
  5 dart slugs
  An orc (D:4)
  3 ball pythons
  3 bats
  3 endoplasms
  5 giant cockroaches
  2 goblins
  4 hobgoblins
  5 jackals
  4 kobolds
  2 quokkas (D:1)
  A frilled lizard (D:1)
  2 rats
46 creatures vanquished.

Table legend: (Time is in decaauts)
 A = Elapsed time spent in this place.
 B = Non-inter-level travel time spent in this place.
 C = Inter-level travel time spent in this place.
 D = Time resting spent in this place.
 E = Time spent auto-exploring this place.
 F = Levels seen in this place.
 G = Mean time per level.
                   A        B        C        D        E       F      G
               +--------+--------+--------+--------+--------+-----+--------+
         Total |   3093 |   2937 |    156 |    102 |   2406 |   5 |  618.6 |
       Dungeon |   3091 |   2936 |    155 |    102 |   2406 |   4 |  772.8 |
        Temple |      1 |      1 |      0 |      0 |      0 |   1 |    1.0 |
               +--------+--------+--------+--------+--------+-----+--------+

Top non-repeatable levels by time:
     D:2: 1060 daAuts
     D:1: 687 daAuts
     D:4: 685 daAuts
     D:3: 657 daAuts
  Temple: 1 daAuts

Table legend:
 A = Non-vault XP
 B = Vault XP
 C = Vault XP percentage of total XP
 D = Non-vault monster count
 E = Vault monster count
 F = Vault count percentage of total count
                 A         B        C        D         E       F
            +---------+---------+-------+---------+---------+-------
      Total |     126 |      36 |  22.2 |      39 |       7 |  15.2
            +---------+---------+-------+---------+---------+-------
        D:1 |      34 |       0 |   0.0 |      17 |       0 |   0.0
        D:2 |      34 |       0 |   0.0 |      11 |       0 |   0.0
        D:3 |      36 |       0 |   0.0 |       7 |       0 |   0.0
        D:4 |      22 |      36 |  62.1 |       4 |       7 |  63.6
            +---------+---------+-------+---------+---------+-------
